 Dungeon Crawl Stone Soup version 0.24-a0-618-ge4662a2d14 (webtiles) character file.

Game seed: 13372004011238609137, levelgen mode: deterministic

66 Conn the Firebug (level 4, -1/27 HPs)
             Began as an Octopode Fire Elementalist on Sept 15, 2019.
             Slain by an orc (5 damage)
             ... on level 3 of the Dungeon.
             The game lasted 00:03:19 (1316 turns).

Conn the Firebug (Octopode Fire Elementalist)       Turns: 1316, Time: 00:03:20

Health: -1/27      AC:  1    Str: 12    XL:     4   Next: 15%
Magic:  0/7        EV: 13    Int: 18    God:
Gold:   93         SH:  0    Dex: 12    Spells: 6/7 levels left

rFire    . . .     SeeInvis .   g - +0 short sword
rCold    . . .     Gourm    .   (no shield)
rNeg     . . .     Faith    .   (helmet restricted)
rPois    .         Spirit   +   f - amulet of guardian spirit
rElec    .         Reflect  .   (no ring)
rCorr    .         Harm     .   (no ring)
MR       .....                  (no ring)
Stlth    +++.......             (no ring)
HPRegen  0.09/turn              (no ring)
MPRegen  0.10/turn              (no ring)
                                (no ring)
                                (no ring)

@: mighty
A: almost no armour, stealthy swim, amphibious, 8 rings, constrict 8, camouflage
1, gelatinous body 1
a: no special abilities


You were on level 3 of the Dungeon.
You were not hungry.

You visited 1 branch of the dungeon, and saw 4 of its levels.

You collected 93 gold pieces.

Inventory:

Hand Weapons
 g - a +0 short sword (weapon)
Missiles
 i - 8 boomerangs (quivered)
Jewellery
 f - an amulet of guardian spirit (around mantle)
Scrolls
 d - a scroll of fog {unknown}
 e - a scroll of enchant weapon {unknown}
 h - a scroll of enchant armour {unknown}
 j - a scroll of blinking {unknown}
 l - a scroll of identify {unknown}
Comestibles
 b - 2 rations


   Skills:
 + Level 2.2 Dodging
 + Level 3.5 Stealth
 + Level 2.4 Spellcasting
 + Level 1.2 Conjurations
 + Level 4.0 Fire Magic


You had 6 spell levels left.
You knew the following spells:

 Your Spells              Type           Power        Failure   Level  Hunger
a - Flame Tongue          Conj/Fire      ##...        6%          1    #......

Your spell library contained the following spells:

 Spells                   Type           Power        Failure   Level  Hunger
 Throw Flame              Conj/Fire      ##....       9%          2    ##.....
 Conjure Flame            Conj/Fire      ##......     17%         3    ###....
 Inner Flame              Hex/Fire       #.......     22%         3    ###....
 Sticky Flame             Conj/Fire      ##......     50%         4    #####..
 Fireball                 Conj/Fire      ##........   85%         5    ######.


Dungeon Overview and Level Annotations

Branches:
Dungeon (4/15)
 Temple: D:4-7

Altars:
Uskayaw
Yredelemnul


Innate Abilities, Weirdness & Mutations

You cannot wear most types of armour.
You are very stealthy in the water. (Stealth+)
You are amphibious.
You can wear up to eight rings at the same time.
You can use your tentacles to constrict eight enemies at once.
Your skin changes colour to match your surroundings (Stealth+).
Your rubbery body absorbs attacks. (AC +1, EV +1)


Message History

You climb upwards.
You hear the sound of rushing water.
There is an entrance to a sewer on this level.
Hurry and find it before the portal rusts away!
There is a stone staircase leading down here.
Okay, then.
It was a potion of curing.
You feel better. The giant cockroach misses you. The orc hits you.
The orc hits you with a +0 flail.
* * * LOW HITPOINT WARNING * * *
It was a potion of might.
You feel very mighty all of a sudden. The giant cockroach bites you.
* * * LOW HITPOINT WARNING * * *
The orc misses you. x2
Okay, then.
You puncture the orc!
You kill the orc!
The giant cockroach bites you.
* * * LOW HITPOINT WARNING * * *
The orc hits you.
You die...

.....#
....#
....#
...#
#...
#..#
####.o#
#...)@#
#.###s#
#.# #.#
..# ###


You could see an orc and a giant cockroach.

Vanquished Creatures
  An orc wizard (D:4)
  2 adders (D:2)
  2 dart slugs
  An orc (D:3)
  2 giant cockroaches
  2 goblins
  A quokka (D:2)
  A frilled lizard (D:2)
  3 kobolds (D:2)
  A rat (D:2)
  A spectral orc (D:2)
17 creatures vanquished.

Notes
Turn   | Place    | Note
-------+----------+-------------------------------------------
     0 | D:1      | Conn the Octopode Fire Elementalist began the quest for the
                  | Orb.
     0 | D:1      | Reached XP level 1. HP: 11/11 MP: 3/3
   652 | D:2      | Reached XP level 2. HP: 17/17 MP: 3/5
   681 | D:2      | Found a basalt altar of Yredelemnul.
   932 | D:2      | Found a hide-covered altar of Uskayaw.
  1051 | D:2      | Reached XP level 3. HP: 16/21 MP: 0/6
  1293 | D:2      | You fall into a shaft and drop 1 floor!
  1305 | D:4      | Reached skill level 4 in Fire Magic
  1305 | D:4      | Reached XP level 4. HP: 18/27 MP: 2/7
  1316 | D:3      | Slain by an orc

Levels and vault maps discovered:
D:1:      wheals_arrival_linesprint, layout_basic
D:2:      layout_basic, eat_drink_and_be_merry_uskayaw,
          yredelemnul_forgotten_temple_becter
D:3:      layout_basic, portal_sewer_entry_e, small_statue_intersection,
          minmay_misc_feat_more_columns
D:4:      minmay_angry_zag, layout_loops_ring, okawaru_ov_weapons_minmay,
          chequers_serial_rivers_small_3, kennysheep_flooded_box,
          minmay_misc_feat_rugged, kennysheep_nub, kennysheep_generic_room_7,
          uniq_natasha, uniq_ijyb, uniq_menkaure

Skill      XL: |  1  2  3 |
---------------+----------+-----
Stealth        | 3 |  3.5
Fire Magic     | 4 |  4.0
Dodging        | |  2.2
Spellcasting   | |  2.4
Conjurations   | |  1.2

Action                   |  1- 3 |  4- 6 || total
-------------------------+-------+-------++-------
Melee: Short sword       |     8 |     1 ||     9
       Constrict         |     6 |       ||     6
       Tentacles         |     3 |       ||     3
       Unarmed           |     1 |       ||     1
 Cast: Flame Tongue      |    25 |     1 ||    26
  Use: Scroll            |     1 |       ||     1
       Potion            |       |     2 ||     2
 Stab: Sleeping          |     5 |       ||     5
  Eat: Chunk             |     1 |       ||     1
Armor: Skin              |     2 |     1 ||     3
Dodge: Dodged            |    18 |     8 ||    26

Table legend:
 A = Non-vault XP
 B = Vault XP
 C = Vault XP percentage of total XP
 D = Non-vault monster count
 E = Vault monster count
 F = Vault count percentage of total count
                 A         B        C        D         E       F
            +---------+---------+-------+---------+---------+-------
      Total |      94 |       1 |   1.1 |      16 |       1 |   5.9
            +---------+---------+-------+---------+---------+-------
        D:1 |       8 |       0 |   0.0 |       3 |       0 |   0.0
        D:2 |      41 |       1 |   2.4 |      11 |       1 |   8.3
        D:3 |       3 |       0 |   0.0 |       1 |       0 |   0.0
        D:4 |      42 |       0 |   0.0 |       1 |       0 |   0.0
            +---------+---------+-------+---------+---------+-------
